 Dungeon Crawl Stone Soup version 0.16-a0-4056-gee4db93 (webtiles) character file.

158746 Malachi the Severer (level 17, 0/168 HPs)
             Began as a Demonspawn Berserker on Feb 13, 2015.
             Was a High Priest of Trog.
             Slain by a guardian serpent (8 damage)
             ... on level 5 of the Snake Pit on Feb 20, 2015.
             The game lasted 02:06:59 (43138 turns).

Malachi the Severer (Demonspawn Berserker)         Turns: 43138, Time: 02:06:59

Health: 0/168      AC: 27    Str: 25    XL:     17   Next: 14%
Magic:  0/17       EV: 11    Int: 11    God:    Trog [*****.]
Gold:   2702       SH:  0    Dex: 15    Spells: 0 memorised, 16 levels left

rFire  + . .     SeeInvis .     V - +2 executioner's axe (elec)
rCold  + + .     Clarity  +     t - +3 plate armour {rC+}
rNeg   . . .     SustAb   .     (no shield)
rPois  +         Gourm    .     (helmet unavailable)
rElec  +         Spirit   +     m - +0 cloak (curse)
rCorr  .         Warding  .     y - +0 pair of gloves {Dex+3}
rMut   .         Stasis   .     b - +0 pair of boots of Joy {rF+}
MR     +++..                    O - amulet of clarity
Stlth  ..........               v - ring "Gaunt" {Ice rElec rPois Stlth-}
                                H - ring of protection from fire

@: exhausted, about to teleport, regenerating, slowed, constricted, very slow,
extremely resistant to hostile enchantments, extremely unstealthy
A: horns 3, slimy green scales 2, powered by pain 2, robust 2, strong 1, magic
shield, magic regeneration, magic link
a: Burn Spellbooks, Berserk, Trog's Hand, Brothers in Arms, Renounce Religion


You were on level 5 of the Snake Pit.
You worshipped Trog.
Trog was extremely pleased with you.
You were near starving.

You visited 4 branches of the dungeon, and saw 30 of its levels.
You visited the Abyss 1 time.

You collected 3601 gold pieces.
You spent 899 gold pieces at shops.

Inventory:

Hand weapons
 J - a +1 demon whip of electrocution
 K - a +3 battleaxe of flaming
 L - a +2 vampiric battleaxe
 P - a +6 antimagic broad axe
 V - a +2 executioner's axe of electrocution (weapon)
 Z - a +3 antimagic executioner's axe
Missiles
 e - 8 javelins of returning (quivered)
Armour
 b - the +0 pair of boots of Joy (worn) {rF+}
   (You found it on level 6 of the Lair of Beasts)

   It protects you from fire.
 m - a cursed +0 cloak (worn)
 t - a +3 plate armour of cold resistance (worn)
 y - a +0 pair of gloves of dexterity (worn)
 G - a +1 pair of boots of flying
Jewellery
 d - an uncursed ring of magical power
 v - the ring "Gaunt" (right hand) {Ice rElec rPois Stlth-}
   (You bought it in a shop on level 4 of the Orcish Mines)

   [ring of ice]

   It enhances your ice magic, and weakens your fire magic.
   It makes you vulnerable to fire.
   It protects you from cold.
   It insulates you from electricity.
   It protects you from poison.
   It makes you less stealthy.
 C - an uncursed ring of protection from fire
 H - a ring of protection from fire (left hand)
 N - an uncursed ring of sustain abilities
 O - an amulet of clarity (around neck)
 Q - an uncursed ring of ice
 R - an uncursed ring of poison resistance
 S - an uncursed amulet of stasis
 Y - an uncursed amulet of rage
Magical devices
 h - a wand of fireball (4)
 s - a wand of fire (0)
 E - a wand of cold (12)
 F - a wand of random effects (13)
 T - a wand of digging (17)
Scrolls
 i - 9 scrolls of teleportation
 n - 2 scrolls of recharging
 q - 8 scrolls of magic mapping
 u - 4 scrolls of enchant armour
 w - 10 scrolls of identify
 z - 20 scrolls of remove curse
Potions
 g - 3 potions of agility
 k - 5 potions of restore abilities
 l - 4 potions of brilliance
 o - 3 potions of curing
 p - 3 potions of might
 r - a potion of resistance
 A - 2 potions of haste
 I - 3 potions of invisibility
 M - 2 potions of cancellation
 U - a potion of cure mutation
 X - 4 potions of magic
Comestibles
 a - a beef jerky
 c - 3 bread rations
 j - 4 meat rations
 B - 2 royal jellies


   Skills:
 + Level 14.8 Fighting
 * Level 19.2 Axes
 + Level 0.8 Throwing
 + Level 13.6 Armour
 + Level 7.0 Dodging
 + Level 2.7 Stealth


You had 16 spell levels left.
You didn't know any spells.

Dungeon Overview and Level Annotations

Branches:
Dungeon (13/15)            Temple (0/1) D:5            Lair (8/8) D:8
  Swamp (0/5) Lair:5        Snake (5/5) Lair:6        Slime (0/6) Lair:8
    Orc (4/4) D:11            Elf (0/3) Orc:4        Vaults (0/5) D:13

Altars:
Cheibriados
Elyvilon
Fedhas
Makhleb
Vehumet
Yredelemnul
Zin
The Shining One
Beogh
Jiyva

Shops:
D:6 (   D:11 :   Orc:2 *   Orc:4 (*[=   Snake:3 (   Snake:4 %   Snake:5 [

Portals:
Hell: Lair:8

Annotations:
D:9 1 runed door


Innate Abilities, Weirdness & Mutations

You have a pair of large horns on your head.
You are mostly covered in slimy green scales (AC +3).
You sometimes gain power by taking damage.
You are very robust (+20% HP).
When hurt, damage is shared between your health and your magic reserves.
You regenerate magic rapidly.
When low on magic, you restore magic in place of health.
Your muscles are strong. (Str +2)


Message History

The bolt of poison misses you.
The guardian serpent weaves intricate patterns with the tip of its tongue.
The naga blinks!
The naga mage points at you and mumbles some strange words.
The poison arrow hits you!
You are more poisoned.
You partially resist.
* * * LOW HITPOINT WARNING * * *
The naga mage constricts you.
You feel sick. The guardian serpent hits you!
* * * LOW HITPOINT WARNING * * *
The guardian serpent hits you but does no damage.
The naga mage hits you but does no damage.
The naga mage constricts you. The naga spits poison at you.
The splash of poison hits you! You resist.
The guardian serpent hits you but does no damage.
Drink which item? (? for menu, Esc to quit)
You feel better. The naga barely misses you. The guardian serpent hits you!
You die...

##################
##.....#....#......
##.@N))#............
##.S.N#).............
##....######..###..###
##)...## #..# ##.#
##)...## #∩.# #..#
##(#.### #..# #..#
##))(.# #..# ##.#
##(#))## #..# #..#
##..(.## ###..###..###


You could see a guardian serpent, a naga mage and a naga.

Vanquished Creatures
  Vashnia (Snake:2)
  Asterion (Snake:3)
  Agnes (Snake:1)
  Kirke (Snake:5)
  2 greater nagas (Snake:3)
  Donald (Snake:2)
  Aizul (Snake:1)
  An orc warlord (Orc:4)
  Gastronok (D:13)
  The ghost of kroki the Severer, a powerful GrFE of Trog (Lair:8)
  Snorg (Orc:1)
  4 vault guards (D:13)
  Fannar (D:10)
  Harold (D:13)
  11 naga warriors
  Nessos (D:13)
  9 hydras
  Erica (D:10)
  14 anacondas
  A tengu warrior (D:13)
  10 naga sharpshooters
  3 death yaks (Lair:6)
  2 orc high priests
  4 shock serpents
  A sun demon (Lair:8)
  Nergalle (D:13)
  2 salamander mystics (Snake:5)
  A catoblepas (Lair:3)
  A lindwurm (Snake:5)
  2 wizards
  Erolcha (D:11)
  5 naga ritualists
  Pikel (D:5)
  2 hill giants
  2 mana vipers
  5 orc knights
  4 orc sorcerers
  An oklob plant (Lair:6)
  3 ugly things
  12 salamanders
  2 smoke demons
  A sixfirhy (Lair:8)
  A rust devil (Orc:4)
  A cyclops (D:11)
  7 elephants
  Maurice (Orc:1)
  34 black mambas
  4 guardian serpents
  A centaur zombie (D:12)
  9 spiny frogs
  19 naga magi
  Psyche (Orc:1)
  2 gargoyles
  3 orange demons (Lair:8)
  2 yaktaurs (D:13)
  5 fire drakes
  9 komodo dragons
  A red devil (Lair:8)
  A spriggan druid (Lair:7)
  7 trolls
  3 two-headed ogres
  A polar bear (Lair:7)
  5 blue devils (Lair:8)
  23 blink frogs
  4 slime creatures (D:12)
  Prince Ribbit (D:5)
  A boulder beetle (Lair:6)
  4 ravens (D:13)
  A trapdoor spider zombie (D:8)
  2 basilisks
  A shadow (D:12)
  2 deep elf magi
  68 yaks
  Eustachio (D:7)
  5 hogs (Snake:5)
  16 hippogriffs
  A steam dragon (D:4)
  A human (D:13)
  2 wyverns (D:9)
  2 hungry ghosts
  8 wargs
  13 wolves
  51 nagas
  12 porcupines
  33 water moccasins
  30 orc warriors
  5 black bears
  A wasp (D:12)
  5 ice beasts
  5 centaurs
  11 ogres
  A necrophage (D:6)
  2 boring beetles (Lair:5)
  An eye of draining (D:13)
  2 phantoms
  4 sky beasts
  18 crocodiles
  Sigmund (D:3)
  2 big kobolds
  Blork the orc (D:4)
  17 giant frogs
  A jelly (D:7)
  2 wyvern zombies
  A wyvern skeleton (D:13)
  A troll zombie (Orc:4)
  A troll skeleton (D:9)
  15 killer bees
  A scorpion (D:9)
  7 wights (D:12)
  5 electric eels
  8 crimson imps
  A spriggan skeleton (D:9)
  A goliath beetle (D:9)
  2 quasits
  A giant frog zombie (D:8)
  13 hounds
  26 orc priests
  12 iguanas
  38 orc wizards
  3 centaur skeletons
  2 iron imps (D:7)
  19 sheep
  10 worker ants
  An ogre zombie (Orc:4)
  A mummy (D:10)
  4 gnolls (D:8)
  51 river rats
  A giant mite (D:7)
  24 adders
  2 worms
  An ufetubus (D:7)
  7 orc zombies (Orc:4)
  An ooze (D:1)
  176 orcs
  A bat skeleton (D:4)
  A bat zombie (D:6)
  10 giant cockroaches
  36 goblins
  23 hobgoblins
  14 jackals
  8 quokkas
  A ball python (D:3)
  12 bats
  8 giant geckos
  2 giant newts
  24 kobolds
  19 rats
  25 ballistomycetes
  A butterfly (Lair:5)
  4 fungi
  10 plants
1234 creatures vanquished.

Vanquished Creatures (collateral kills)
  A naga warrior (Snake:5)
  5 naga sharpshooters
  A hill giant (D:10)
  Sonja (D:10)
  A naga (Snake:5)
9 creatures vanquished.

Vanquished Creatures (others)
  A guardian serpent (Snake:3)
  A blink frog (Lair:3)
  A killer bee (D:10)
  An orc wizard (Orc:4)
  A worker ant (D:8)
  A jackal (D:8)
  A bat (D:10)
  4 giant spores
  2 kobolds
  4 fungi
  4 plants
21 creatures vanquished.

Grand Total: 1264 creatures vanquished

Notes
Turn   | Place    | Note
--------------------------------------------------------------
     0 | D:1      | Malachi, the Demonspawn Berserker, began the quest for the Orb.
     0 | D:1      | Reached XP level 1. HP: 18/18 MP: 1/1
    24 | D:1      | Gained mutation: When hurt, damage is shared between your health and your magic reserves. [demonic ancestry]
    24 | D:1      | Reached XP level 2. HP: 12/24 MP: 2/2
  1002 | D:2      | Reached XP level 3. HP: 25/29 MP: 3/3
  1274 | D:2      | Acquired Trog's second power
  2215 | D:2      | Gained mutation: You are partially covered in slimy green scales (AC +2). [demonic ancestry]
  2215 | D:2      | Reached XP level 4. HP: 28/35 MP: 2/4
  2256 | D:3      | Gained mutation: You sometimes gain a little power by taking damage. [demonic ancestry]
  2256 | D:3      | Reached XP level 5. HP: 41/41 MP: 3/5
  2611 | D:3      | Noticed Sigmund
  2618 | D:3      | Killed Sigmund
  2618 | D:3      | Reached skill level 4 in Fighting
  2836 | D:3      | Gained mutation: You have a pair of small horns on your head. [demonic ancestry]
  2836 | D:3      | Reached XP level 6. HP: 29/48 MP: 3/6
  3395 | D:3      | Received a gift from Trog
  3663 | D:4      | Acquired Trog's third power
  3746 | D:4      | Reached XP level 7. HP: 47/55 MP: 4/7
  4122 | D:4      | Noticed a steam dragon
  4149 | D:4      | Killed a steam dragon
  4478 | D:4      | Noticed Blork the orc
  4491 | D:4      | Reached skill level 5 in Fighting
  4496 | D:4      | Killed Blork the orc
  4496 | D:4      | Reached skill level 1 in Stealth
  4764 | D:4      | Found a blossoming altar of Fedhas.
  4764 | D:4      | Found a basalt altar of Yredelemnul.
  4765 | D:4      | Found a snail-covered altar of Cheibriados.
  4975 | D:4      | Reached skill level 5 in Axes
  5003 | D:4      | Found a burning altar of Makhleb.
  5225 | D:5      | Entered Level 5 of the Dungeon
  5330 | D:5      | Noticed Prince Ribbit
  5359 | D:5      | Killed Prince Ribbit
  5359 | D:5      | Gained mutation: You are mostly covered in slimy green scales (AC +3). [demonic ancestry]
  5359 | D:5      | Reached XP level 8. HP: 22/64 MP: 6/8
  5963 | D:5      | Found a staircase to the Ecumenical Temple.
  6022 | D:5      | Noticed Pikel
  6047 | D:5      | Killed Pikel
  6047 | D:5      | Reached skill level 6 in Fighting
  6047 | D:5      | Reached skill level 5 in Armour
  6973 | D:6      | Gained mutation: You sometimes gain power by taking damage. [demonic ancestry]
  6973 | D:6      | Reached XP level 9. HP: 71/71 MP: 9/9
  7167 | D:6      | Found Unaukh's Antique Weapon Boutique.
  7173 | D:6      | Bought a runed broad axe for 128 gold pieces
  7182 | D:6      | Bought a runed battleaxe for 208 gold pieces
  7296 | D:7      | Reached skill level 7 in Fighting
  7305 | D:7      | Received a gift from Trog
  8129 | D:7      | Reached skill level 5 in Dodging
  8212 | D:7      | Noticed Eustachio
  8242 | D:7      | Killed Eustachio
  9299 | D:8      | Reached skill level 8 in Fighting
  9511 | D:8      | Found a staircase to the Lair.
  9605 | D:8      | Gained mutation: You have a pair of horns on your head. [demonic ancestry]
  9605 | D:8      | Reached XP level 10. HP: 75/80 MP: 10/10
 10706 | D:9      | Found a white marble altar of Elyvilon.
 10706 | D:9      | Found a glowing golden altar of the Shining One.
 10706 | D:9      | Found a glowing silver altar of Zin.
 10978 | D:9      | Found a runed door.
 11342 | D:10     | Entered Level 10 of the Dungeon
 11409 | D:10     | Noticed Fannar
 11592 | D:10     | Noticed Erica
 11623 | D:10     | Gained mutation: Your muscles are strong. (Str +2) [potion of mutation]
 11623 | D:10     | Lost mutation: Your muscles are strong. (Str +2) [potion of mutation]
 11623 | D:10     | Gained mutation: Your muscles are strong. (Str +2) [potion of mutation]
 11626 | D:10     | Noticed a hill giant
 12013 | D:10     | Noticed Sonja
 12021 | D:10     | Reached skill level 9 in Fighting
 12243 | D:10     | You fall through a shaft for 3 floors!
 12262 | D:13     | Noticed Gastronok
 12274 | D:13     | Killed Gastronok
 12432 | D:13     | Noticed an orc knight
 12434 | D:13     | Noticed a vault guard
 12450 | D:13     | Noticed a cyan ugly thing
 12452 | D:13     | Noticed Nessos
 12460 | D:13     | Killed a cyan ugly thing
 12490 | D:13     | Killed Nessos
 12490 | D:13     | Gained mutation: You regenerate magic rapidly. [demonic ancestry]
 12490 | D:13     | Reached XP level 11. HP: 22/90 MP: 5/11
 12539 | D:13     | Noticed a hill giant
 13342 | D:13     | Killed a hill giant
 13703 | D:13     | Received a gift from Trog
 13703 | D:13     | Reached skill level 10 in Fighting
 13738 | D:13     | Noticed a tengu warrior
 13746 | D:13     | Noticed Harold
 13764 | D:13     | Killed Harold
 13764 | D:13     | Reached skill level 10 in Axes
 13766 | D:13     | Killed a tengu warrior
 14372 | D:13     | Noticed Nergalle
 14380 | D:13     | Killed Nergalle
 14580 | D:13     | Killed an orc knight
 14583 | D:13     | Noticed a vault guard
 14593 | D:13     | Noticed an orc sorcerer
 14598 | D:13     | Killed a vault guard
 14598 | D:13     | Reached skill level 11 in Axes
 14607 | D:13     | Noticed a wizard
 14613 | D:13     | Killed a wizard
 14617 | D:13     | Gained mutation: When low on magic, you restore magic in place of health. [demonic ancestry]
 14617 | D:13     | Reached XP level 12. HP: 83/98 MP: 12/12
 14620 | D:13     | Killed a vault guard
 14623 | D:13     | Killed an orc sorcerer
 14886 | D:13     | Found a gate to the Vaults.
 14886 | D:13     | Noticed a vault guard
 14886 | D:13     | Noticed a vault guard
 14893 | D:13     | Killed a vault guard
 14897 | D:13     | Killed a vault guard
 15155 | D:12     | Reached skill level 10 in Armour
 15317 | D:12     | Reached skill level 12 in Axes
 15469 | D:12     | Received a gift from Trog
 16358 | D:11     | Found Ciakleq's Book Boutique.
 16462 | D:11     | Found a staircase to the Orcish Mines.
 16470 | D:11     | Found a roughly hewn altar of Beogh.
 16605 | D:11     | Noticed Erolcha
 16610 | D:11     | Killed Erolcha
 17307 | D:11     | Reached skill level 13 in Axes
 17755 | D:10     | Noticed a hill giant
 17762 | D:10     | Killed a hill giant
 17770 | D:10     | Killed Erica
 17770 | D:10     | Gained mutation: You are robust (+10% HP). [demonic ancestry]
 17770 | D:10     | Reached XP level 13. HP: 82/116 MP: 13/13
 17893 | D:10     | Cast into the Abyss (Sonja)
 17896 | Abyss:1  | Found a corrupted altar of Lugonu.
 17914 | D:10     | Escaped the Abyss
 17928 | D:10     | Killed Sonja
 17950 | D:10     | Killed a hill giant
 18456 | D:10     | Received a gift from Trog
 18685 | D:10     | Killed Fannar
 18942 | Lair:1   | Entered Level 1 of the Lair of Beasts
 19651 | Lair:2   | Identified a scroll of acquirement
 20121 | Lair:2   | Found a radiant altar of Vehumet.
 20339 | Lair:2   | Reached skill level 14 in Axes
 20982 | Lair:3   | Received a gift from Trog
 23050 | Lair:4   | Received a gift from Trog
 23642 | Lair:4   | Reached XP level 14. HP: 126/126 MP: 14/14
 23781 | Lair:4   | Reached skill level 15 in Axes
 24709 | Lair:5   | Found a staircase to the Swamp.
 25093 | Lair:6   | Got a pair of heavily runed boots
 25104 | Lair:6   | Identified the +0 pair of boots of Joy {rF+} (You found it on level 6 of the Lair of Beasts)
 25231 | Lair:6   | Received a gift from Trog
 25656 | Lair:6   | Found a staircase to the Snake Pit.
 25878 | Lair:6   | Got a distressingly furry scale mail
 25880 | Lair:6   | Identified the +1 scale mail of the Harvest {rN+ rCorr Int-3 Dex+4} (You found it on level 6 of the Lair of Beasts)
 26089 | Lair:7   | Found a glowing silver altar of Zin.
 26936 | Lair:8   | Entered Level 8 of the Lair of Beasts
 26936 | Lair:8   | Noticed kroki's ghost (powerful GrFE)
 26948 | Lair:8   | Killed kroki's ghost
 26963 | Lair:8   | Reached skill level 16 in Axes
 26965 | Lair:8   | Received a gift from Trog
 27034 | Lair:8   | Found a viscous altar of Jiyva.
 27448 | Lair:8   | Found a burning altar of Makhleb.
 28117 | Lair:8   | Found a staircase to the Slime Pits.
 28602 | Lair:8   | Gained mutation: You have a pair of large horns on your head. [demonic ancestry]
 28602 | Lair:8   | Reached XP level 15. HP: 77/135 MP: 15/15
 28924 | Lair:8   | Found a gateway to Hell.
 28999 | Lair:8   | Received a gift from Trog
 29359 | Snake:1  | Entered Level 1 of the Snake Pit
 29365 | Snake:1  | Noticed Agnes
 29389 | Snake:1  | HP: 8/202 [Agnes/lajatang of protection (7)]
 29392 | Snake:1  | Killed Agnes
 30798 | Snake:1  | Upgraded the game from 0.16-a0-3997-g61da7c2 to 0.16-a0-4044-gd6c5e7b
 30859 | Snake:1  | Noticed Aizul
 30882 | Snake:1  | Killed Aizul
 32147 | Orc:1    | Entered Level 1 of the Orcish Mines
 32147 | Orc:1    | Noticed Psyche
 32155 | Orc:1    | Killed Psyche
 32585 | Orc:1    | Received a gift from Trog
 32806 | Orc:1    | Noticed Maurice
 32843 | Orc:1    | Killed Maurice
 32887 | Orc:1    | Noticed Snorg
 32894 | Orc:1    | Killed Snorg
 33075 | Orc:2    | Reached skill level 17 in Axes
 33160 | Orc:2    | Found Stroic Goruha's General Store.
 33449 | Orc:2    | Bought a scroll of identify for 20 gold pieces
 33577 | Orc:2    | Received a gift from Trog
 34110 | Orc:3    | Upgraded the game from 0.16-a0-4044-gd6c5e7b to 0.16-a0-4056-gee4db93
 34236 | Orc:3    | Received a gift from Trog
 34734 | Orc:4    | Entered Level 4 of the Orcish Mines
 34785 | Orc:4    | Found a staircase to the Elven Halls.
 35169 | Orc:4    | Received a gift from Trog
 35194 | Orc:4    | Found a roughly hewn altar of Beogh.
 35314 | Orc:4    | Found Soelot's Jewellery Boutique.
 35518 | Orc:4    | Found Irhoyhea's Antique Armour Boutique.
 35546 | Orc:4    | Found Ynan's Antique Weapon Boutique.
 35581 | Orc:4    | Found Sageppar's General Store.
 35631 | Orc:4    | Bought the ring "Gaunt" {Ice rElec rPois Stlth-} for 543 gold pieces
 35804 | Orc:4    | Received a gift from Trog
 36439 | Snake:2  | Noticed Vashnia
 36459 | Snake:2  | Killed Vashnia
 37030 | Snake:2  | Noticed Donald
 37038 | Snake:2  | Gained mutation: You are very robust (+20% HP). [demonic ancestry]
 37038 | Snake:2  | Reached XP level 16. HP: 103/158 MP: 10/16
 37046 | Snake:2  | Killed Donald
 37046 | Snake:2  | Reached skill level 18 in Axes
 37633 | Snake:2  | Identified a +3 rod of the swarm (13/13) (You found it on level 2 of the Snake Pit)
 37788 | Snake:3  | Noticed Asterion
 37797 | Snake:3  | Noticed a spectral weapon
 37800 | Snake:3  | Killed Asterion
 37942 | Snake:3  | Received a gift from Trog
 38072 | Snake:3  | Found Lorauwe's Weapon Shop.
 38453 | Snake:3  | Received a gift from Trog
 38882 | Snake:4  | Found Kifre's Food Emporium.
 40701 | Snake:5  | Entered Level 5 of the Snake Pit
 41199 | Snake:5  | Received a gift from Trog
 41558 | Snake:5  | Reached skill level 19 in Axes
 41586 | Snake:5  | Noticed Kirke
 41650 | Snake:5  | Killed Kirke
 41907 | Snake:5  | Found Plog's Armour Shoppe.
 41935 | Snake:5  | Received a gift from Trog
 41968 | Snake:5  | Reached XP level 17. HP: 29/168 MP: 6/17
 43137 | Snake:5  | HP: 1/168 [guardian serpent (9)]
 43138 | Snake:5  | Slain by a guardian serpent

Action                   |  1- 3 |  4- 6 |  7- 9 | 10-12 | 13-15 | 16-18 || total
-------------------------+-------+-------+-------+-------+-------+-------++-------
Melee: Hand axe          |   173 |   167 |   257 |       |       |       ||   597
       Battleaxe         |       |       |   177 |   304 |    90 |       ||   571
       Executioner's axe |       |       |       |   306 |  1428 |   443 ||  2177
       Broad axe         |       |       |       |       |     4 |       ||     4
Throw: Tomahawk          |       |     3 |     2 |       |       |       ||     5
       Stone             |       |     1 |       |       |       |       ||     1
       Javelin           |       |       |       |       |     9 |     1 ||    10
Invok: Berserk           |     1 |     4 |     5 |     6 |     5 |     5 ||    26
       Trog's Hand       |       |       |       |     2 |     7 |     6 ||    15
       Brothers in Arms  |       |       |       |       |     3 |     3 ||     6
  Use: Scroll            |     2 |       |     8 |    11 |    22 |     6 ||    49
       Potion            |       |       |     3 |     5 |     5 |     2 ||    15
 Stab: Distracted        |       |       |       |       |     1 |     1 ||     2
  Eat: Chunk             |     4 |     8 |    13 |    12 |    42 |    12 ||    91
       Beef jerky        |     1 |       |       |     1 |     2 |       ||     4
       Bread ration      |       |       |     1 |     1 |     3 |     1 ||     6
       Fruit             |       |       |     2 |     3 |     9 |     3 ||    17
       Meat ration       |       |       |     1 |     3 |     2 |     1 ||     7
       Pizza             |       |       |     1 |       |       |       ||     1
